AoeStats
← PatCrespo

Hill Fort

504808652Analyzed
3v3 RM · 24d ago on Sep 6, 2026· 46m 49s· 6 players
Game mode
Random Map
Map size
Normal (6 player)
Population
200
Speed
Normal
Resources
Standard
Victory
Conquest
Starting age
Dark Age
Ending age
Imperial Age
RankedLock teamsTeams togetherTeam positionsShared explorationLock speedFull tech treeHidden civsTurbo modeCheats
Victory
Defeat
🇧🇷 Britons · Brazil
1193
+13
🇬🇧 Cumans · United Kingdom
1151
+15
🇨🇦 Britons · Canada
1145
+15
🇩🇪 Tatars · Germany
1151
-15
🇩🇪 Mongols · Germany
1151
-15
🇩🇪 Romans · Germany
1103
-13
BiggM4k
5:15 Loom
11:05 Feudal Age
17:20 Castle Age
15:23 Horse Collar
15:47 Double-Bit Axe
16:14 Stone Mining
21:25 Padded Archer Armor
22:56 Wheelbarrow
22:58 Fletching
24:42 Ballistics
24:51 Bow Saw
27:35 Heavy Plow
27:41 Gold Mining
28:24 Hand Cart
32:10 Imperial Age
30:05 Bodkin Arrow
30:55 Yeomen
31:32 Town Watch
32:34 Leather Archer Armor
32:53 Elite Longbowman
34:14 Bracer
35:26 Conscription
35:41 Ring Archer Armor
39:14 Chemistry
48:06 Two-Man Saw
PatCrespo
8:55 Feudal Age
9:37 Double-Bit Axe
10:45 Horse Collar
12:01 Loom
12:26 Loom
16:19 Gold Mining
18:15 Wheelbarrow
22:04 Castle Age
20:20 Bloodlines
20:17 Scale Barding Armor
20:22 Forging
21:29 Forging
23:34 Chain Barding Armor
23:50 Iron Casting
25:13 Bow Saw
30:07 Hand Cart
39:50 Imperial Age
40:07 Cavalier
41:43 Plate Barding Armor
42:02 Conscription
48:02 Blast Furnace
Tars
5:24 Loom
10:37 Feudal Age
15:58 Castle Age
14:08 Double-Bit Axe
18:24 Fletching
18:49 Horse Collar
20:31 Crossbowman
23:11 Bodkin Arrow
24:05 Padded Archer Armor
26:12 Ballistics
27:50 Leather Archer Armor
29:59 Gold Mining
33:33 Wheelbarrow
37:13 Imperial Age
37:18 Arbalester
38:00 Bracer
39:10 Chemistry
43:04 Ring Archer Armor
43:22 Yeomen
El Commandante
10:52 Feudal Age
13:17 Loom
16:12 Castle Age
15:11 Scale Barding Armor
15:53 Bloodlines
16:02 Double-Bit Axe
21:51 Fletching
24:44 Wheelbarrow
25:13 Bow Saw
24:51 Horse Collar
25:49 Heavy Plow
26:43 Bodkin Arrow
29:53 Ballistics
30:18 Chain Barding Armor
30:19 Padded Archer Armor
30:29 Forging
33:21 Husbandry
35:46 Silk Armor
40:01 Imperial Age
38:14 Hand Cart
45:31 Plate Barding Armor
44:57 Bracer
45:56 Elite Keshik
Lebende Leiche
8:51 Feudal Age
10:26 Double-Bit Axe
10:44 Horse Collar
11:53 Bloodlines
15:18 Wheelbarrow
20:46 Castle Age
18:49 Stone Mining
19:24 Fletching
19:51 Loom
20:44 Gold Mining
21:57 Bow Saw
21:52 Heavy Plow
22:07 Bodkin Arrow
24:14 Hand Cart
28:32 Town Watch
29:47 Padded Archer Armor
31:26 Ballistics
31:10 Husbandry
32:13 Leather Archer Armor
33:29 Thumb Ring
39:28 Imperial Age
37:35 Elite Skirmisher
39:35 Capped Ram
40:18 Bracer
41:16 Conscription
43:42 Chemistry
runawayking
12:21 Feudal Age
10:37 Loom
14:07 Wheelbarrow
13:21 Double-Bit Axe
13:54 Horse Collar
14:14 Man-at-Arms
21:15 Castle Age
21:19 Long Swordsman
22:00 Squires
21:20 Pikeman
22:05 Scale Mail Armor
23:35 Heavy Plow
23:46 Bow Saw
23:49 Forging
26:17 Iron Casting
25:58 Chain Mail Armor
30:36 Scale Barding Armor
32:28 Fletching
32:39 Padded Archer Armor
36:21 Elite Skirmisher
Connection lost

Rejoining the realm…

Still unreachable

The connection could not be restored.

Session expired

The server has moved on; the page needs a fresh start.